 Dungeon Crawl Stone Soup version 0.24.0-41-g2ae2f7f1be (webtiles) character file.

Game seed: 16590471309502392884, levelgen mode: deterministic

614 FishyPogo the Skirmisher (level 7, -4/64 HPs)
             Began as a Minotaur Berserker on Dec 12, 2019.
             Was an Elder of Trog.
             Slain by an iguana (12 damage)
             ... on level 5 of the Dungeon.
             The game lasted 00:16:25 (3160 turns).

FishyPogo the Skirmisher (Minotaur Berserker)       Turns: 3160, Time: 00:16:26

Health: -4/64      AC:  7    Str: 22    XL:     7   Next: 20%
Magic:  6/6        EV: 15    Int:  4    God:    Trog [****..]
Gold:   317        SH:  0    Dex: 15    Spells: 6/6 levels left

rFire    . . .     SeeInvis .   a - +0 falchion
rCold    + . .     Gourm    .   (no shield)
rNeg     . . .     Faith    .   m - +2 robe "Aheenagh" {Dex+4}
rPois    .         Spirit   .   (helmet restricted)
rElec    .         Reflect  .   (no cloak)
rCorr    .         Harm     .   (no gloves)
MR       +....                  x - +2 pair of boots of Impressiveness {rC+}
Stlth    ..........             (no amulet)
HPRegen  0.20/turn              A - ring of protection from magic
MPRegen  0.10/turn              v - ring of attention (curse)

@: no status effects
A: retaliatory headbutt, horns 2
a: Berserk, Trog's Hand, Brothers in Arms, Renounce Religion


You were on level 5 of the Dungeon.
You worshipped Trog.
Trog was greatly pleased with you.
You were not hungry.

You visited 1 branch of the dungeon, and saw 5 of its levels.
You also visited: Ossuary.

You collected 436 gold pieces.
You spent 119 gold pieces at shops.

Inventory:

Hand Weapons
 a - a +0 falchion (weapon)
 b - a +0 hunting sling
Missiles
 c - 9 sling bullets
 i - 114 stones (quivered)
 r - 2 boomerangs of dispersal
 y - 15 poisoned darts
Armour
 m - the +2 robe "Aheenagh" (worn) {Dex+4}
   (You bought it in a shop on level 4 of the Dungeon)

   It affects your dexterity (+4).
 u - a +0 shield
 x - the +2 pair of boots of Impressiveness (worn) {rC+}
   (You found it on level 4 of the Dungeon)

   It protects you from cold.
Jewellery
 o - an uncursed ring of see invisible
 v - a cursed ring of attention (right hand)
 A - a ring of protection from magic (left hand)
Scrolls
 e - 2 scrolls of magic mapping {unknown}
 f - 3 scrolls of remove curse {unknown}
 g - 2 scrolls of fog {unknown}
 k - a scroll of enchant weapon {unknown}
 n - 2 scrolls of teleportation {unknown}
 p - 12 scrolls of identify {unknown}
 t - a scroll of random uselessness {unknown}
 w - a scroll of enchant armour {unknown}
 B - a scroll of amnesia {unknown}
Potions
 d - a potion of agility {unknown}
 h - a potion of magic {unknown}
 j - 8 potions of curing {unknown}
 l - a potion of resistance {unknown}
 q - 2 potions of degeneration {unknown}
 s - 2 potions of mutation {unknown}
 z - 2 potions of flight {unknown}
 E - a potion of might {unknown}
Comestibles
 C - 9 rations
 D - 2 chunks of flesh


   Skills:
 * Level 6.5 Fighting
 - Level 4.0 Long Blades
 - Level 2.1 Throwing
 - Level 4.0 Armour
 * Level 5.3 Dodging
 - Level 2.2 Shields


You had 6 spell levels left.
You didn't know any spells.
Your spell library was empty.

Dungeon Overview and Level Annotations

Branches:
Dungeon (5/15)            Ossuary (visited)
 Temple: D:4-7

Altars:
Okawaru
Sif Muna

Shops:
D:4 [[=


Innate Abilities, Weirdness & Mutations

You reflexively headbutt those who attack you in melee.
You have a pair of horns on your head.


Message History

You barely miss the iguana.
The iguana is heavily wounded.
The iguana closely misses you.
You hit the iguana.
The iguana is heavily wounded.
The iguana barely misses you.
You closely miss the iguana. You headbutt the iguana.
The iguana is severely wounded.
The iguana bites you!
* * * LOW HITPOINT WARNING * * *
You barely miss the iguana.
You headbutt the iguana, but do no damage.
The iguana is severely wounded.
The iguana bites you but does no damage.
You hit the iguana.
The iguana is almost dead.
The iguana bites you.
* * * LOW HITPOINT WARNING * * *
The iguana bites you!
You die...

#.#
#.#
#.####
#.#...
#'##.#
#_##(#
#'##(#
#.##l#
#.##@#
#....#
######


You could see an iguana.

Vanquished Creatures
  2 centaurs (D:5)
  A scorpion (D:5)
  A human zombie (Ossuary)
  A jelly (D:5)
  2 iguanas
  A big kobold zombie (Ossuary)
  A hound skeleton (D:4)
  3 mummies
  Robin (D:2)
  3 gnolls (D:3)
  4 adders
  A shadow imp (D:5)
  A worm (D:2)
  2 dart slugs
  3 leopard geckos
  13 orcs
  4 giant cockroaches
  A gnoll zombie (Ossuary)
  18 goblins
  9 hobgoblins
  8 jackals
  6 kobolds
  2 quokkas
  3 ball pythons
  10 bats
  5 frilled lizards (D:3)
  5 goblin zombies (Ossuary)
  A hobgoblin zombie (Ossuary)
  5 orc zombies (Ossuary)
  8 rats
125 creatures vanquished.

Notes
Turn   | Place    | Note
-------+----------+-------------------------------------------
     0 | D:1      | FishyPogo the Minotaur Berserker began the quest for the
                  | Orb.
     0 | D:1      | Reached XP level 1. HP: 19/19 MP: 0/0
   138 | D:1      | Reached XP level 2. HP: 11/27 MP: 1/1
   531 | D:1      | Reached skill level 4 in Fighting
   673 | D:2      | Noticed Robin
   682 | D:2      | Reached XP level 3. HP: 33/33 MP: 2/2
   689 | D:2      | Reached ** piety under Trog
   699 | D:2      | Killed Robin
   990 | D:2      | Reached XP level 4. HP: 41/41 MP: 3/3
  1435 | D:3      | Reached *** piety under Trog
  1602 | D:3      | Reached skill level 1 in Throwing
  1602 | D:3      | Reached XP level 5. HP: 47/47 MP: 4/4
  1637 | D:3      | Found an iron altar of Okawaru.
  1758 | D:3      | Reached skill level 5 in Fighting
  1760 | D:3      | Reached skill level 1 in Shields
  2111 | D:4      | Got a pair of scorched boots
  2116 | D:4      | Identified the +2 pair of boots of Impressiveness {rC+}
                  | (You found it on level 4 of the Dungeon)
  2124 | D:4      | Found Wattut's Armour Shoppe.
  2234 | D:4      | Found Natzuev's Jewellery Shop.
  2308 | D:4      | Found a sand-covered staircase.
  2317 | D:4      | Reached XP level 6. HP: 31/56 MP: 5/5
  2321 | Ossuary  | Entered an ossuary
  2380 | Ossuary  | Reached **** piety under Trog
  2520 | D:4      | Found Nappoyf's Antique Armour Emporium.
  2531 | D:4      | Bought a slimy robe for 119 gold pieces
  2541 | D:4      | Identified the +2 robe "Aheenagh" {Dex+4} (You bought it in
                  | a shop on level 4 of the Dungeon)
  2925 | D:5      | Entered Level 5 of the Dungeon
  2933 | D:5      | Reached skill level 6 in Fighting
  3056 | D:5      | Reached skill level 5 in Dodging
  3056 | D:5      | Reached XP level 7. HP: 34/64 MP: 6/6
  3140 | D:5      | Found a shimmering blue altar of Sif Muna.
  3160 | D:5      | Slain by an iguana

Levels and vault maps discovered:
D:1:      scummos_arrival_forest, layout_basic, minmay_fountain_box,
          roderic_serpentine_path
D:2:      layout_rooms, first_ration, corexii_shack, minmay_misc_feat_alley,
          lemuel_another_geyser, uniq_robin
D:3:      layout_loops_ring, lemuel_round_altar
D:4:      layout_cave_pools, serial_shops, shop, shop, shop_fountains,
          gup_ossuary_entry_pyramid, hangedman_decor_riveting
D:5:      layout_basic, kennysheep_mini

Skill      XL: |  1  2  3  4  5  6 |
---------------+-------------------+-----
Armour         | 3 4 |  4.0
Fighting       | 4 5 6 |  6.5
Long Blades    | 4 |  4.0
Dodging        | 3 4 5 |  5.3
Throwing       | 1 2 |  2.1
Shields        | 1 2 |  2.2

Action                   |  1- 3 |  4- 6 |  7- 9 || total
-------------------------+-------+-------+-------++-------
Melee: Falchion          |    62 |   137 |    11 ||   210
       Headbutt          |     7 |    37 |     5 ||    49
Throw: Stone             |       |    33 |     2 ||    35
Invok: Berserk           |     2 |     3 |       ||     5
  Eat: Chunk             |     1 |    10 |     1 ||    12
Armor: Animal skin       |    21 |    17 |       ||    38
       Robe              |       |     1 |     1 ||     2
Dodge: Dodged            |    39 |    86 |     4 ||   129
       Rpst.: Falchion   |     5 |    22 |     1 ||    28
